 Dungeon Crawl Stone Soup version 0.24-a0-93-ge1bfdf8 (console) character file.

Game seed: 5472202182021723014

512 Duffy the Conjurer (level 7, -19/55 HPs)
             Began as a Naga Fire Elementalist on Feb 10, 2019.
             Demolished by an ogre
             ... wielding a +0 giant spiked club
              (24 damage)
             ... on level 5 of the Dungeon.
             The game lasted 00:02:51 (2017 turns).

Duffy the Conjurer (Naga Fire Elementalist)         Turns: 2017, Time: 00:02:52

Health: -19/55     AC:  5    Str: 10    XL:     7   Next: 19%
Magic:  10/12      EV:  9    Int: 17    God:
Gold:   59         SH:  0    Dex: 12    Spells: 9/13 levels left

rFire    . . .     SeeInvis +   c - 5 rations
rCold    . . .     Gourm    .   (no shield)
rNeg     . . .     Faith    .   i - +0 leather armour (curse)
rPois    +         Spirit   .   e - +1 hat
rElec    .         Reflect  .   d - +0 cloak
rCorr    .         Harm     .   (no gloves)
MR       .....                  (no barding)
Stlth    ++........             (no amulet)
HPRegen  0.18/turn              (no ring)
MPRegen  0.13/turn              (no ring)

@: lethally poisoned (-19 -> -19), very slow
A: large, see invisible, deformed body, poison resistance, slowness 2, slow
metabolism 1, spit poison 1, AC +2
a: Spit Poison


You were on level 5 of the Dungeon.
You were not hungry.

You visited 1 branch of the dungeon, and saw 6 of its levels.

You collected 59 gold pieces.

Inventory:

Armour
 d - a +0 cloak (worn)
 e - a +1 hat (worn)
 i - a cursed +0 leather armour (worn)
Scrolls
 a - a scroll of identify {unknown}
 b - 2 scrolls of teleportation {unknown}
 f - 2 scrolls of remove curse {unknown}
 g - a scroll of magic mapping {unknown}
 h - 2 scrolls of enchant armour {unknown}
 j - a scroll of enchant weapon {unknown}
 k - a scroll of immolation {unknown}
Comestibles
 c - 5 rations (in hand)


   Skills:
 - Level 1.5 Dodging
 - Level 3.0 Stealth
 + Level 3.9 Spellcasting
 + Level 5.1 Conjurations
 + Level 4.7 Fire Magic


You had 9 spell levels left.
You knew the following spells:

 Your Spells              Type           Power        Failure   Level  Hunger
h - Flame Tongue          Conj/Fire      ###..        3%          1    None
l - Conjure Flame         Conj/Fire      ###.....     9%          3    ###....

Your spell library contained the following spells:

 Spells                   Type           Power        Failure   Level  Hunger
 Throw Flame              Conj/Fire      ###...       4%          2    ##.....
 Inner Flame              Hex/Fire       ##......     24%         3    ###....
 Sticky Flame             Conj/Fire      ###.....     28%         4    ####...
 Fireball                 Conj/Fire      ###.......   63%         5    ######.


Dungeon Overview and Level Annotations

Branches:
Dungeon (6/15)
 Temple: D:4-7

Altars:
Dithmenos


Innate Abilities, Weirdness & Mutations

You cannot wear boots.
Your serpentine skin is tough. (AC +2)
You have supernaturally acute eyesight. (SInv)
Armour fits poorly on your strangely shaped body.
Your system is resistant to poisons. (rPois)
You cover ground very slowly.
You have a slow metabolism.
You can spit poison.


Message History

Aim: an adder (lightly wounded)
The flame tongue hits the ogre!
The ogre is heavily wounded.
You feel sick. The ogre closely misses you. The adder bites you.
Press: ? - help, Shift-Dir - straight line, f/p - adder
Aim: an adder (lightly wounded)
The splash of poison hits the adder!
The adder is poisoned.
The adder is severely wounded.
You feel slightly more hungry. The adder bites you.
The ogre hits you with a +0 giant spiked club!
The adder bites you but does no damage. x2
You feel sick. The adder misses you. The adder bites you but does no damage.
You have got your breath back.
The adder barely misses you. The adder bites you but does no damage.
The ogre hits you with a +0 giant spiked club!!
You feel sick. The adder bites you.
You kill the adder!
You feel sick.
The ogre hits you with a +0 giant spiked club!!
You die...

.......#..## ....##...........##.
...........# #..###.##.(..#......
......#....###..##..##....#......
....................####.........
.#......<.....[.....## ##..#.....
...............#.....####........
#............#.##..........##....
#............####..#.....### #...
....#.......##.#.@.#......##.....
...##.##........O###..........# .
......##.#.......##....<......#
..##..#..##....#.......)......#
..(................(#..#......#
..#.......................#####
..#..........#..>........##
...........................#
....#..........(...........##


You could see an ogre.

Vanquished Creatures
  A sky beast (D:5)
  An ogre (D:5)
  A centaur skeleton (D:4)
  Natasha (thrice) (D:4)
  2 iguanas (D:4)
  4 worker ants
  An adder (D:5)
  3 gnolls (D:4)
  A howler monkey skeleton (D:5)
  A shadow imp (D:5)
  An ooze (D:4)
  2 adder skeletons
  4 dart slugs
  A leopard gecko (D:4)
  2 orcs
  2 bats
  A goblin (D:2)
  2 hobgoblins
  2 frilled lizards (D:2)
  A jackal zombie (D:5)
  A rat (D:4)
37 creatures vanquished.

Notes
Turn   | Place    | Note
-------+----------+-------------------------------------------
     0 | D:1      | Duffy the Naga Fire Elementalist began the quest for the
                  | Orb.
     0 | D:1      | Reached XP level 1. HP: 15/15 MP: 3/3
    80 | D:2      | Reached skill level 2 in Conjurations
    80 | D:2      | Reached XP level 2. HP: 22/22 MP: 3/5
   400 | D:4      | Found a shadowy altar of Dithmenos.
   494 | D:4      | Reached skill level 3 in Conjurations
   494 | D:4      | Reached XP level 3. HP: 17/28 MP: 1/6
   499 | D:4      | Learned a level 3 spell: Conjure Flame
   629 | D:4      | Reached XP level 4. HP: 14/36 MP: 0/7
   913 | D:4      | Noticed Natasha
   919 | D:4      | Killed Natasha
   919 | D:4      | Reached XP level 5. HP: 34/42 MP: 5/8
  1027 | D:4      | Reached skill level 4 in Conjurations
  1063 | D:4      | Noticed Natasha
  1142 | D:4      | Killed Natasha
  1191 | D:4      | Noticed Natasha
  1196 | D:4      | Killed Natasha
  1196 | D:4      | Reached XP level 6. HP: 43/49 MP: 2/10
  1288 | D:5      | Entered Level 5 of the Dungeon
  1671 | D:5      | Noticed a sky beast
  1689 | D:5      | Killed a sky beast
  1689 | D:5      | Reached XP level 7. HP: 55/55 MP: 7/12
  1731 | D:5      | Reached skill level 5 in Conjurations
  2017 | D:5      | Demolished by an ogre

Levels and vault maps discovered:
D:1:      nzn_arrival_depleted_hourglass, layout_loops_ring
D:2:      layout_loops_ring, first_ration, uniq_terence
D:3:      layout_rooms, nicolae_overflow_crystal_walls,
          chequers_ecumenical_altar_simple_redux,
          minmay_fractal_squares_diagonal_5, uniq_robin
D:4:      layout_cave_pods, nicolae_dithmenos_through_a_glass_darkly,
          kennysheep_generic_room_15, uniq_natasha
D:5:      layout_cave_pools, kennysheep_mini_moat, marbit_many_paths
D:6:      layout_loops_cross, dancing_weapons_uskayaw, gammafunk_ghost_hive,
          okawaru_trees_2, uniq_blork_the_orc

Skill      XL: |  1  2  3  4  5  6  7 |
---------------+----------------------+-----
Conjurations   | 2 3 4 5 |  5.1
Spellcasting   | 3 |  3.9
Fire Magic     | 4 |  4.7
Dodging        | |  1.5
Stealth        | |  3.0

Action                   |  1- 3 |  4- 6 |  7- 9 || total
-------------------------+-------+-------+-------++-------
 Cast: Flame Tongue      |    21 |    32 |    10 ||    63
       Conjure Flame     |       |     4 |     1 ||     5
 Abil: Spit Poison       |    10 |    12 |     4 ||    26
  Eat: Chunk             |       |     2 |       ||     2
       Ration            |       |       |     1 ||     1
Armor: Robe              |     1 |     2 |       ||     3
       Leather armour    |       |     1 |     6 ||     7
Dodge: Dodged            |     5 |     8 |    11 ||    24

Table legend:
 A = Non-vault XP
 B = Vault XP
 C = Vault XP percentage of total XP
 D = Non-vault monster count
 E = Vault monster count
 F = Vault count percentage of total count
                 A         B        C        D         E       F
            +---------+---------+-------+---------+---------+-------
      Total |     697 |      35 |   4.8 |      36 |       1 |   2.7
            +---------+---------+-------+---------+---------+-------
        D:1 |       4 |       0 |   0.0 |       2 |       0 |   0.0
        D:2 |      16 |       0 |   0.0 |       7 |       0 |   0.0
        D:3 |       3 |       0 |   0.0 |       1 |       0 |   0.0
        D:4 |     315 |      35 |  10.0 |      16 |       1 |   5.9
        D:5 |     359 |       0 |   0.0 |      10 |       0 |   0.0
            +---------+---------+-------+---------+---------+-------
